 BcadrenCrawl: Boulder Brew version 0.05.31-16-g17090fb0d7 (webtiles) character file.

Game seed: 3001685990539407055, levelgen mode: deterministic

863 diana the Firebug (level 8, -7/46 HPs) Octopode Fire Elementalist. Began on Sept 26, 2021. Mangled by a slime creature (21 damage) ... on level 2 of the Dungeon. The game lasted 00:12:07 (3061 turns).

diana the Firebug (Octopode Fire Elementalist)      Turns: 3061, Time: 00:12:08

Health: -7/46      AC:  1    Str:  8    XL:     8 ^: 1119
Magic:  12/18      EV: 13    Int: 19    God:
Gold:   121        SH:  0    Dex: 12    Spells: 18/21 levels left

rFire    . . .     Vision   .   (no weapon)
rCold    . . .     Gourm    .   (no weapon)
rNeg     . . .     Faith    .   (helmet restricted)
rCorr    . . .     Spirit   .   (no amulet)
rPois    .         Reflect  .   (no ring)
rElec    .         Harm     .   (no ring)
MR       .....                  (no ring)
Stlth    ++++......             (no ring)
HPRegen  0.25/turn              (no ring)
MPRegen  0.28/turn              (no ring)
                                (no ring)
                                (no ring)

@: no status effects
A: almost no armour, stealthy swim, amphibious, 8 rings, constrict 8, camouflage
1, AC +1
a: no special abilities


You were on level 2 of the Dungeon.
You were not hungry.

You visited 1 branch of the dungeon, and saw 2 of its levels.

You collected 121 gold pieces.

Inventory:

Jewellery
 c - a cursed amulet of the acrobat {(Curse: *Drain)}
Scrolls
 d - 2 scrolls of bless item
 f - a scroll of holy word
Potions
 a - 3 potions of curing
 e - a potion of heal wounds
Comestibles
 b - 5 rations
 g - a chunk of flesh


   Skills:
 - Level 2.1 Dodging
 - Level 2.6 Stealth
 + Level 7.2 Spellcasting
 + Level 7.5 Fire Magic


You had 18 spell levels left.
You knew the following spells:

 Your Spells              Type           Power        Failure   Level  Hunger
a - Foxfire               Fire           25 (25)      1%          1    0
b - Searing Ray           Fire           35 (50)      1%          2    0

Your spell library contained the following spells:

 Spells                   Type           Power        Failure   Level  Hunger
 Conjure Flame Fire 35 (100) 1% 3 0-43 Inner Flame Hex/Fire 21 (100) 6% 3 0-43 Fireball Fire 35 (200) 12% 5 183-343 Sticky Flame Fire/Pois      21 (100)     21%         4    63-163


Dungeon Overview and Level Annotations

Branches:
Dungeon (2/8)

Altars:


Innate Abilities, Weirdness & Mutations

You cannot wear most types of armour.
You are very stealthy in the water. (Stealth+)
Your gelatinous body is resilient. (AC +1, EV +1)
You are amphibious.
You can wear up to eight rings at the same time.
You can use your tentacles to constrict eight enemies at once.
Your skin changes colour to match your surroundings (Stealth++).


Message History

The slime creature is moderately wounded. (74/114) HP The slime creature is engulfed in a cloud of scalding steam (8)!
The slime creature hits you (21)!!
The searing ray hits the slime creature (15)!
The slime creature is heavily wounded. (52/114) HP You finish channeling your searing ray.
The slime creature barely misses you (0).
The slime creature hits you (12)!
* * * LOW HITPOINT WARNING * * *
Casting: Searing Ray (safe; 1% risk of failure)
Confirm with . or Enter, or press ? or * to list all spells.
Aiming: Searing Ray (safe; 1% risk of failure)
Press: ? - help, Shift-Dir - straight line, f/p - slime creature
Aim: a slime creature (steam, heavily wounded (54/114))
The searing ray hits the slime creature (3).
The slime creature is heavily wounded. (51/114) HP (Press . to maintain the ray.)
The slime creature is engulfed in a cloud of scalding steam (5).
The slime creature hits you (21)!!
You die...

#≈≈≈≈...≈≈≈≈....≈≈
#.≈≈≈≈.≈≈≈≈≈.≈≈≈≈≈
#.≈≈≈≈.≈≈≈≈K.≈≈≈≈≈
#.≈≈≈≈...≈≈≈≈..≈≈≈
#.≈≈≈≈≈.≈≈≈≈≈≈..≈.
#.≈≈≈≈≈.≈≈≈≈≈≈≈≈≈≈
#.≈≈≈≈..≈≈≈≈≈≈≈≈≈≈
#≈≈≈≈..≈≈≈≈≈≈≈≈≈≈≈
#@J§≈.≈≈≈≈≈≈≈≈≈≈≈≈
#...≈≈.≈≈≈≈≈))≈...
###)###########...
# #÷)# #≈..
#≈#..## ##..
#≈...≈## #≈.
#≈.≈.≈.## ##.
#..##...## #≈ #..
##≈..# #≈


You could see a slime creature.

Vanquished Creatures
  4 big kobolds (D:2)
  A bullfrog (D:2)
  2 jellies (D:2)
  4 giant cockroaches
  7 adders (D:2)
  22 sewer rats
  8 cinder newts
  2 worms (D:2)
  2 oozes
  A dart slug (D:1)
  3 leopard geckos (D:1)
  3 bats
  A cinder newt skeleton (D:2)
  11 goblins (D:1)
  5 hobgoblins (D:1)
  A jackal (D:2)
  3 ball pythons (D:2)
  2 bat skeletons (D:2)
  18 kobolds
  An orc skeleton (D:2)
  4 rats (D:1)
  A rat skeleton (D:2)
  A giant blowfly (D:2)
  A withered plant (D:2)
108 creatures vanquished.

Vanquished Creatures (collateral kills)
  A withered plant (D:2)
1 creature vanquished.

Vanquished Creatures (others)
  563 foxfires
  A slimehead (D:2)
  82 withered plants (D:2)
646 creatures vanquished.

Grand Total: 755 creatures vanquished

Notes
Turn   | Place    | Note
-------+----------+-------------------------------------------
     0 | D:1      | diana the Octopode Fire Elementalist began the quest for
                  | the Orb.
     0 | D:1      | Reached XP level 1. HP: 11/11 MP: 3/3
    14 | D:1      | Reached XP level 2. HP: 17/17 MP: 0/6
    69 | D:1      | Reached XP level 3. HP: 21/21 MP: 1/7
   493 | D:1      | Reached XP level 4. HP: 25/27 MP: 3/9
   958 | D:2      | Noticed a big kobold
   968 | D:2      | Killed a big kobold
   968 | D:2      | Reached skill level 5 in Fire Magic
   968 | D:2      | Reached XP level 5. HP: 11/31 MP: 2/12
  1161 | D:2      | Reached skill level 5 in Spellcasting
  1163 | D:2      | Reached XP level 6. HP: 30/36 MP: 1/13
  1455 | D:2      | Learned a level 2 spell: Searing Ray
  1729 | D:2      | Reached XP level 7. HP: 12/41 MP: 9/16
  2841 | D:2      | Reached XP level 8. HP: 6/46 MP: 10/18
  3040 | D:2      | Noticed a slime creature
  3061 | D:2      | Mangled by a slime creature

Levels and vault maps discovered:
D:1:      minmay_arrival_four_circles, layout_basic
D:2:      layout_sewer, elyvilon_niche, serial_glass, glass_columns_c,
          glass_columns_b, glass_columns_b, glass_columns_a, glass_columns_a,
          glass_columns_a, glass_columns_c, glass_columns_a, glass_columns_a,
          glass_columns_b, item_on_display_merged, feat_on_display,
          minmay_strange_pillars, minmay_strange_pillars, first_ration

Skill      XL: |  1  2  3  4  5  6  7 |
---------------+----------------------+-----
Spellcasting   | 3 4 5 6 7 |  7.2
Fire Magic     | 4 5 6 7 |  7.5
Dodging        | |  2.1
Stealth        | |  2.6

Action                   |  1- 3 |  4- 6 |  7- 9 || total
-------------------------+-------+-------+-------++-------
Melee: Unarmed           |       |       |     8 ||     8
       Constrict         |       |       |     1 ||     1
       Bite              |       |       |     1 ||     1
 Cast: Foxfire           |    49 |   169 |   116 ||   334
       Searing Ray       |       |     1 |     9 ||    10
  Use: Potion            |       |     1 |       ||     1
  Eat: Chunk             |       |     2 |     4 ||     6
Armor: Skin              |       |     2 |     6 ||     8
Dodge: Dodged            |    15 |    32 |    61 ||   108
